 Dungeon Sprint DCSS version 0.22-a0-388-g09e6169 (webtiles) character file.

1710 Kidiri the Thaumaturge (level 8, -2/48 HPs)
             Began as a Deep Elf Fire Elementalist on Apr 29, 2018.
             Was a Priest of Vehumet.
             Slain by an unseen horror (6 damage)
             ... in the Dungeon (Sprint IX: "|||||||||||||||||||||||||||||").
             The game lasted 00:03:51 (894 turns).

Kidiri the Thaumaturge (Deep Elf Fire Elementalist)  Turns: 894, Time: 00:03:52

Health: -2/48      AC:  3    Str:  9    XL:     8   Next: 74%
Magic:  11/28      EV: 18    Int: 29    God:    Vehumet [***...]
Gold:   0          SH:  0    Dex: 20    Spells: 17/35 levels left

rFire    . . .     SeeInvis .   o - +2 scimitar "Roigutab" {chaos, *Slow Str+4 Dex+5}
rCold    . . .     Gourm    .   (no shield)
rNeg     . . .     Faith    .   a - +0 robe
rPois    .         Spirit   .   j - +0 helmet
rElec    .         Reflect  .   (no cloak)
rCorr    .         Harm     .   (no gloves)
MR       .....     NoTele   +   (no boots)
Stlth    ++........             (no amulet)
HPRegen  0.16/turn              p - +3 ring of intelligence
MPRegen  0.21/turn              q - +3 ring of intelligence

@: very slightly contaminated, slowed, very slow
A: no striking features
a: Renounce Religion


You were in the Dungeon.
You worshipped Vehumet.
Vehumet was most pleased with you.
You were not hungry.

You visited 1 branch

Inventory:

Hand Weapons
 n - a +2 rapier of venom
 o - the +2 scimitar "Roigutab" (weapon) {chaos, *Slow Str+4 Dex+5}
   (You found it in the Dungeon)

   Each time it hits an enemy it has a different, random effect.
   It affects your strength (+4).
   It affects your dexterity (+5).
   It may slow you when you take damage.
Armour
 a - a +0 robe (worn)
 b - a +1 scale mail
 j - a +0 helmet (worn)
Jewellery
 p - a +3 ring of intelligence (left hand)
 q - a +3 ring of intelligence (right hand)
Wands
 m - a wand of acid (10)
Scrolls
 i - a scroll of blinking
 k - 3 scrolls of remove curse
 l - 2 scrolls of amnesia
Potions
 d - 5 potions of curing
 e - 3 potions of heal wounds
 f - a potion of haste
 g - 3 potions of magic
 h - a potion of invisibility
Comestibles
 c - a ration


   Skills:
 + Level 4.6 Fighting
 + Level 5.8 Short Blades
 + Level 4.5 Armour
 + Level 7.2 Dodging
 - Level 2.4 Stealth
 * Level 14.4 Spellcasting
 + Level 8.8 Conjurations
 + Level 9.3 Fire Magic


You had 17 spell levels left.
You knew the following spells:

 Your Spells              Type           Power        Failure   Level  Hunger
a - Flame Tongue          Conj/Fire      #####        1%          1    None
b - Throw Flame           Conj/Fire      ######       1%          2    None
c - Conjure Flame         Conj/Fire      ######..     1%          3    None
d - Inner Flame           Hex/Fire       #####...     1%          3    None
e - Sticky Flame          Conj/Fire      ######..     1%          4    None
f - Fireball              Conj/Fire      ######....   1%          5    None


Dungeon Overview and Level Annotations

Branches:
Dungeon (1/1)

Altars:
Cheibriados
Dithmenos
Elyvilon
Fedhas
Gozag
Hepliaklqana
Kikubaaqudgha
Makhleb
Nemelex Xobeh
Okawaru
Qazlal
Ru
Sif Muna
Trog
Uskayaw
Vehumet
Wu Jian
Xom
Yredelemnul
Zin
The Shining One
Beogh
Jiyva
Lugonu


Message History

Items here: ))))) a +0 dagger; a +4 quarterstaff of speed; a +2 halberd of venom a +2 dire flail of crushing; the +8 mithril axe "Arga" {speed, MR+} You see here an uncursed staff of energy.
Something hits you.
* * * LOW HITPOINT WARNING * * *
Deactivating autopickup; reactivate with Ctrl-A.
Something hits you!
* * * LOW HITPOINT WARNING * * *
Something barely misses you.
There is an open door, spattered with blood here.
Casting: Conjure Flame (safe; 1% risk of failure)
Confirm with . or Enter, or press ? or * to list all spells.
Aiming: Sticky Flame (safe; 1% risk of failure)
Press: ? - help, Shift-Dir - straight line The sticky flame hits something.
The unseen horror is covered in liquid flames!
An unseen horror comes into view.
The unseen horror burns!
The unseen horror hits you.
You die...

▓_▓
▓_▓
▓_▓
▓_▓
▓_▓
▓_▓
▓_▓
▓_▓
▓@▓
▓x▓
▓.▓
▓|▓
▓)▓
▓.▓
▓§▓
▓§▓
▓.▓


You could see an unseen horror (burning).

Vanquished Creatures
  A hydra (D)
  An ugly thing (D)
  A hippogriff (D)
  An eye of draining (D)
  An ogre (D)
  A centaur (D)
  A bullfrog (D)
  A scorpion (D)
  A quasit (D)
  An orc wizard (D)
  An adder (D)
  An adder zombie (D)
  An orc (D)
  A ball python (D)
  A giant cockroach (D)
  A goblin (D)
  A hobgoblin (D)
  A quokka skeleton (D)
  2 rats (D)
20 creatures vanquished.

Notes
Turn   | Place    | Note
-------+----------+-------------------------------------------
     0 | D        | Kidiri the Deep Elf Fire Elementalist began the quest for the Orb.
     0 | D        | Reached XP level 1. HP: 10/10 MP: 6/6
    15 | D        | Reached skill level 4 in Spellcasting
   105 | D        | Noticed an ogre
   105 | D        | Noticed a centaur
   107 | D        | Reached XP level 2. HP: 15/15 MP: 5/9
   114 | D        | Killed an ogre
   114 | D        | Reached skill level 8 in Spellcasting
   114 | D        | Reached skill level 5 in Fire Magic
   114 | D        | Reached XP level 3. HP: 19/19 MP: 4/15
   114 | D        | Reached XP level 4. HP: 24/24 MP: 4/16
   123 | D        | Killed a centaur
   123 | D        | Reached skill level 10 in Spellcasting
   123 | D        | Reached XP level 5. HP: 12/28 MP: 5/19
   143 | D        | Found a roughly hewn altar of Beogh.
   143 | D        | Found a snail-covered altar of Cheibriados.
   143 | D        | Found a shadowy altar of Dithmenos.
   143 | D        | Found a white marble altar of Elyvilon.
   143 | D        | Found a blossoming altar of Fedhas.
   143 | D        | Found an opulent altar of Gozag.
   144 | D        | Found a hazy altar of Hepliaklqana.
   145 | D        | Found a viscous altar of Jiyva.
   146 | D        | Found an ancient bone altar of Kikubaaqudgha.
   147 | D        | Found a corrupted altar of Lugonu.
   148 | D        | Found a burning altar of Makhleb.
   149 | D        | Found a sparkling altar of Nemelex Xobeh.
   150 | D        | Found an iron altar of Okawaru.
   151 | D        | Found a stormy altar of Qazlal.
   152 | D        | Found a sacrificial altar of Ru.
   153 | D        | Found a deep blue altar of Sif Muna.
   154 | D        | Found a bloodstained altar of Trog.
   155 | D        | Found a hide-covered altar of Uskayaw.
   156 | D        | Found a radiant altar of Vehumet.
   157 | D        | Found an ornate altar of the Wu Jian Council.
   158 | D        | Found a shimmering altar of Xom.
   159 | D        | Found a basalt altar of Yredelemnul.
   160 | D        | Found a glowing silver altar of Zin.
   161 | D        | Found a glowing golden altar of the Shining One.
   164 | D        | Became a worshipper of Vehumet
   168 | D        | Learned a level 2 spell: Throw Flame
   172 | D        | Learned a level 3 spell: Conjure Flame
   176 | D        | Learned a level 3 spell: Inner Flame
   181 | D        | Learned a level 4 spell: Sticky Flame
   187 | D        | Learned a level 5 spell: Fireball
   337 | D        | Found the +8 mithril axe "Arga" {speed, MR+}
   337 | D        | Got the +2 scimitar "Roigutab" {chaos, *Slow Str+4 Dex+5}
   376 | D        | Noticed a hippogriff
   376 | D        | Noticed an eye of draining
   381 | D        | Reached skill level 1 in Fighting
   381 | D        | Reached skill level 1 in Short Blades
   381 | D        | Reached skill level 1 in Armour
   381 | D        | Reached skill level 11 in Spellcasting
   387 | D        | Reached XP level 6. HP: 11/34 MP: 7/22
   404 | D        | Reached * piety under Vehumet
   404 | D        | Offered knowledge of Shock by Vehumet.
   743 | D        | Killed a hippogriff
   743 | D        | Reached skill level 12 in Spellcasting
   744 | D        | Reached skill level 5 in Dodging
   744 | D        | Reached XP level 7. HP: 24/40 MP: 11/24
   765 | D        | Reached ** piety under Vehumet
   765 | D        | Offered knowledge of Magic Dart by Vehumet.
   874 | D        | Noticed an eight-headed hydra
   874 | D        | Noticed a green ugly thing
   886 | D        | Killed an eight-headed hydra
   886 | D        | Reached skill level 5 in Short Blades
   886 | D        | Reached skill level 13 in Spellcasting
   886 | D        | Reached XP level 8. HP: 10/48 MP: 9/27
   889 | D        | Killed a green ugly thing
   889 | D        | Reached *** piety under Vehumet
   889 | D        | Reached skill level 14 in Spellcasting
   894 | D        | Noticed an unseen horror
   894 | D        | Slain by an unseen horror

Vault maps used:
D:        linesprint

Skill      XL: |  1  2  3  4  5  6  7  8 |
---------------+-------------------------+-----
Spellcasting   | 4 8 10 11 12 13 14 | 14.4
Conjurations   | 2 4 6 7 8 |  8.8
Fire Magic     | 4 5 6 7 8 9 |  9.3
Fighting       | 1 2 4 |  4.6
Short Blades   | 1 3 5 |  5.8
Armour         | 1 2 4 |  4.5
Dodging        | 3 5 6 7 |  7.2
Stealth        | |  2.4

Action                   |  1- 3 |  4- 6 |  7- 9 || total
-------------------------+-------+-------+-------++-------
Melee: Unarmed           |     2 |       |       ||     2
       Dagger            |     4 |     8 |       ||    12
       Scimitar          |       |     1 |     2 ||     3
 Cast: Flame Tongue      |    11 |     8 |     1 ||    20
       Conjure Flame     |       |     3 |     4 ||     7
       Sticky Flame      |       |     3 |     3 ||     6
       Fireball          |       |     1 |     2 ||     3
  Use: Potion            |     2 |       |       ||     2
       Scroll            |       |       |     1 ||     1
Armor: Robe              |       |     2 |       ||     2
Dodge: Dodged            |     8 |    12 |    15 ||    35
       Rpst.: Scimitar   |       |       |     1 ||     1

Table legend:
 A = Spawn XP
 B = Non-spawn XP
 C = Spawn XP percentage of total XP
 D = Spawn monster count
 E = Non-spawn monster count
 F = Spawn count percentage of total count
 G = Total turns spent on level
                    A         B        C        D         E        F      G
               +---------+---------+-------+---------+---------+-------+---------
         Total |       0 |    2443 |   0.0 |       0 |      20 |   0.0 |   894
               +---------+---------+-------+---------+---------+-------+---------
             D |       0 |    2443 |   0.0 |       0 |      20 |   0.0 |   894
               +---------+---------+-------+---------+---------+-------+---------
